 Dungeon Crawl Stone Soup version 0.22.1-1-ga44c0e5 (webtiles) character file.

180 Ruman the Poker (level 5, -3/53 HPs)
             Began as a Troll Monk on Oct 28, 2018.
             Was a Priest of Vehumet.
             Slain by Natasha (8 damage)
             ... on level 2 of the Dungeon.
             The game lasted 00:10:51 (1321 turns).

Ruman the Poker (Troll Monk)                        Turns: 1321, Time: 00:10:52

Health: -3/53      AC:  5    Str: 20    XL:     5   Next: 33%
Magic:  4/4        EV: 11    Int:  6    God:    Vehumet [***...]
Gold:   44         SH:  0    Dex: 12    Spells: 4/4 levels left

rFire    + . .     SeeInvis .   p - +0 trident
rCold    . . .     Gourm    +   (no shield)
rNeg     . . .     Faith    .   b - +0 robe
rPois    .         Spirit   .   (helmet restricted)
rElec    .         Reflect  .   (no cloak)
rCorr    .         Harm     .   (gloves unavailable)
MR       .....                  (boots unavailable)
Stlth    ++........             (no amulet)
HPRegen  0.57/turn              g - ring of protection from fire
MPRegen  0.09/turn              (no ring)

@: about to teleport, slowed, very slow
A: large, unfitting armour, claws 3, fast metabolism 3, gourmand, regeneration
1, shaggy fur 1, tough skin 2
a: Renounce Religion


You were on level 2 of the Dungeon.
You worshipped Vehumet.
Vehumet was most pleased with you.
You were very full.

You visited 1 branch of the dungeon, and saw 2 of its levels.

You collected 44 gold pieces.

Inventory:

Hand Weapons
 a - a +0 spear
 f - a +2 antimagic hand axe
 o - a +0 hunting sling
 p - a +0 trident (weapon)
Missiles
 d - 25 bolts
 n - a throwing net (quivered)
Armour
 b - a +0 robe (worn)
Jewellery
 g - a ring of protection from fire (left claw)
Scrolls
 e - a scroll of teleportation
 j - a scroll of enchant armour {unknown}
 k - a scroll of noise {unknown}
 m - a scroll of identify {unknown}
Potions
 i - a potion of degeneration {unknown}
 l - a potion of agility {unknown}
 q - a potion of lignification {unknown}
Comestibles
 c - 3 rations


   Skills:
 + Level 3.0 Fighting
 + Level 4.2 Polearms
 + Level 3.0 Dodging
 + Level 1.1 Stealth


You had 4 spell levels left.
You didn't know any spells.
Your spell library was empty.

Dungeon Overview and Level Annotations

Branches:
Dungeon (2/15)

Altars:
Ru
Vehumet

Annotations:
D:2 Natasha


Innate Abilities, Weirdness & Mutations

You are too large for most types of armour.
You have claws for hands.
Your metabolism is lightning-fast.
You like to eat raw meat.
Your natural rate of healing is unusually fast.
You are covered in fur. (AC +1)
You have very tough skin. (AC +2)


Message History

Natasha casts a spell.
You barely miss the shadow imp. Natasha misses you.
The shadow imp barely misses you.
You are too injured to fight recklessly!
The shadow imp closely misses you. Natasha closely misses you.
The shadow imp hits you but does no damage.
You are too injured to fight recklessly!
You are too injured to fight recklessly!
You are too injured to fight recklessly!
You closely miss the shadow imp. Natasha claws you.
* * * LOW HITPOINT WARNING * * *
The shadow imp hits you but does no damage.
Natasha claws you.
* * * LOW HITPOINT WARNING * * *
You are too injured to fight recklessly!
There are monsters nearby!
As you read the scroll of teleportation, it crumbles to dust.
You feel strangely unstable. The shadow imp closely misses you.
Natasha claws you!
You die...

### ### ## ###########.# #.####.#
######...........# #....#.#
.......#########.#########.##.#.#
##.#############5#..............#
#.............h@#.........##.#.#
#.###############.........##.#.#
#.# #..................##.#.# #5#
#.##[..............##.#.# #.#
#.##...............##.#.# ##.#
#.##...............##.#.# ##.#
#.##..................... ##.#
#.##.......###########.[. ##.#
#.##.......###.......'...


You could see Natasha and a shadow imp.

Vanquished Creatures
  Jessica (D:2)
  Natasha (twice) (D:2)
  A gnoll (D:1)
  4 adders (D:2)
  A worm (D:2)
  2 dart slugs (D:1)
  2 leopard geckos
  5 giant cockroaches
  2 goblins
  8 hobgoblins
  2 jackals (D:1)
  A quokka (D:2)
  7 bats
  A frilled lizard (D:2)
  8 kobolds
  4 rats
51 creatures vanquished.

Notes
Turn   | Place    | Note
-------+----------+-------------------------------------------
     0 | D:1      | Ruman the Troll Monk began the quest for the Orb.
     0 | D:1      | Reached XP level 1. HP: 22/22 MP: 0/0
    88 | D:1      | Reached XP level 2. HP: 29/29 MP: 1/1
   280 | D:1      | Reached skill level 3 in Polearms
   367 | D:1      | Reached XP level 3. HP: 20/36 MP: 2/2
   713 | D:2      | Noticed Jessica
   726 | D:2      | Killed Jessica
   726 | D:2      | Reached XP level 4. HP: 27/44 MP: 3/3
   785 | D:2      | Found a faded altar of an unknown god.
   802 | D:2      | Became a worshipper of Vehumet
   802 | D:2      | Reached * piety under Vehumet
   802 | D:2      | Offered knowledge of Sting by Vehumet.
   802 | D:2      | Reached ** piety under Vehumet
   986 | D:2      | Reached *** piety under Vehumet
   986 | D:2      | Offered knowledge of Freeze by Vehumet.
  1193 | D:2      | Offered knowledge of Ignite Poison by Vehumet.
  1193 | D:2      | Reached skill level 4 in Polearms
  1195 | D:2      | Noticed Natasha
  1196 | D:2      | Found a sacrificial altar of Ru.
  1201 | D:2      | Killed Natasha
  1201 | D:2      | Reached XP level 5. HP: 31/53 MP: 4/4
  1228 | D:2      | Noticed Natasha
  1234 | D:2      | Killed Natasha
  1266 | D:2      | Noticed Natasha
  1321 | D:2      | Slain by Natasha

Skill      XL: |  1  2  3  4 |
---------------+-------------+-----
Polearms       | 3 4 |  4.2
Dodging        | 3 |  3.0
Fighting       | 3 |  3.0
Stealth        | |  1.1

Action                   |  1- 3 |  4- 6 || total
-------------------------+-------+-------++-------
Melee: Spear             |   119 |       ||   119
       Trident           |       |    76 ||    76
  Use: Scroll            |       |     2 ||     2
 Stab: Sleeping          |       |     3 ||     3
  Eat: Chunk             |    12 |     5 ||    17
Armor: Robe              |    33 |    22 ||    55
Dodge: Dodged            |    64 |    45 ||   109
